Cogmind - Beta 13 *** ADVENTURER MODE // 2024.04.08 @ 23:26:54 Player: XorOwl Result: Destroyed by as-73691 with Assembled F-torch Performance ------------- Evolutions (0) 0 Regions Visited (2) 400 Robots Destroyed (4) 20 Value Destroyed (64) 64 Prototype IDs (3) 60 Alien Tech Used (0) 0 Bonus (14) 14 TOTAL SCORE: 558 Bonus ------- Follower Combat Kills 14 Cogmind --------- Core Integrity 0/250 Matter 324/350 Energy 133/250 System Corruption 1% Temperature Hot (257) Movement Core (250) Ox4 Location -10/Mines Parts ------- > --- POWER (1) -------- Ion Engine > --- PROPULSION (2) --- (None) > --- UTILITY (2) ------ Small Storage Unit Small Matter Pod > --- WEAPON (2) ------- Light Assault Rifle Light Assault Rifle > --- INVENTORY (8) ---- Authchip [R/Combat] Medium Laser Peak State ------------ > --- POWER ------------ Ion Engine > --- PROPULSION ------- Aluminum Leg Aluminum Leg > --- UTILITY ---------- Small Storage Unit Terrain Scanner > --- WEAPON ----------- Medium Laser Light Assault Rifle > --- INVENTORY -------- (None) [Rating: 7] Favorites ----------- Power Ion Engine Engine Ion Engine Propulsion Aluminum Leg Leg Aluminum Leg Utility Small Storage Unit Device Terrain Scanner Storage Small Storage Unit Weapon Light Assault Rifle Energy Gun Medium Laser Ballistic Gun Light Assault Rifle Special Weapon Mining Laser Build | -11 -10 -10 ------- Run | Yrd Mat Min Slots Evolved . | . . . Power . | . . . Propulsion . | . . . Utility . | . . . Weapon . | . . . Parts Attached 11 | 5 2 4 Power 2 | 1 . 1 Engine 2 | 1 . 1 Core . | . . . Reactor . | . . . Propulsion 2 | 2 . . Treads . | . . . Leg 2 | 2 . . Wheel . | . . . Hover . | . . . Flight . | . . . Utility 3 | 1 1 1 Device 1 | . 1 . Storage 2 | 1 . 1 Processor . | . . . Hackware . | . . . Protection . | . . . Artifact . | . . . Weapon 4 | 1 1 2 Energy Gun 1 | . 1 . Energy Cannon . | . . . Ballistic Gun 2 | 1 . 1 Ballistic Cannon . | . . . Launcher . | . . . Special Weapon 1 | . . 1 Impact Weapon . | . . . Slashing Weapon . | . . . Piercing Weapon . | . . . Special Melee Weapon . | . . . Unidentified Prototypes . | . . . Parts Lost 5 | . . 5 Power 1 | . . 1 Propulsion 2 | . . 2 Utility 1 | . . 1 Weapon 1 | . . 1 Highest Loss Streak 5 | . . 5 To Critical Strikes . | . . . Average Slot Usage (%) 97 | . 92 99 Engine 14 | . 14 14 Leg 27 | . 28 27 Device 13 | . 11 13 Storage 14 | . 14 14 Energy Gun 4 | . 8 3 Ballistic Gun 14 | . 14 14 Special Weapon 7 | . . 10 Naked Turns . | . . . Heaviest Build 14 | 11 14 14 Greatest Support 20 | 20 20 20 Greatest Overweight (x) 4 | . . 4 Average Overweight (x) . | . . . Largest Inventory Capacity 8 | 8 8 8 Average Capacity 7 | 6 8 8 Most Carried 5 | 5 2 5 Average Carried 3 | 1 . 4 Final Capacity 8 | 8 8 8 Final Carried 2 | 1 2 2 Class Distribution -------------------- 100% | Mutant Dominant Class ---------------- Mutant | -10/Materials Mutant | -10/Mines Resources | -11 -10 -10 ----------- Run | Yrd Mat Min Matter Collected 323 | 185 71 67 Remotely . | . . . Salvage Created 70 | . 70 . Parts 10 | . 9 1 Haulers Intercepted . | . . . Recyclers Shooed . | . . . Parts Field Recycled . | . . . Retrieved Matter . | . . . Parts Self-Destructed . | . . . Prevented . | . . . Kills | -11 -10 -10 ------- Run | Yrd Mat Min Combat Hostiles Destroyed 4 | . 3 1 Guns 3 | . 3 . Cannons 1 | . . 1 Classes Destroyed 2 | . 2 . Swarmer 3 | . 2 1 Grunt 1 | . 1 . Best Kill Streak 3 | . 3 1 Combat Bots Only 3 | . 3 1 Max Kills in Single Turn 1 | . 1 1 Gunslinging . | . . . Exploded . | . . . Melee . | . . . Uniques/NPCs Destroyed . | . . . Combat | -11 -10 -10 -------- Run | Yrd Mat Min Hostile Shots Fired 108 | . 33 75 Missed 33 | . 12 21 Damage Taken 726 | . 124 602 Core 253 | . 46 207 Absorbed by Shields . | . . . Ignored by Resistances 218 | . 43 175 Core Remaining (%) 100 | 100 . . Volleys Fired 15 | . 11 4 Largest 2 | . 2 2 Hottest 120 | . 70 120 Shots Fired 28 | . 22 6 Gun 27 | . 22 5 Cannon . | . . . Launcher . | . . . Special 1 | . . 1 Kinetic 16 | . 11 5 Thermal 12 | . 11 1 Explosive . | . . . Electromagnetic . | . . . Robot Hit Streak 13 | . 13 1 Robot Miss Streak 3 | . 2 3 Penetration Max . | . . . Secondary Targets 1 | . 1 . Max Gunslinging Chain 1 | . 1 . Shots Hit Robots 18 | . 17 1 Core Hits 6 | . 4 2 Critical Kills . | . . . Critical Parts Destroyed . | . . . Critical Strikes 1 | . 1 . Burn 1 | . 1 . Melee Attacks . | . . . Impact . | . . . Slashing . | . . . Piercing . | . . . Sneak Attacks . | . . . Combat Hostiles . | . . . Follow-up Attacks . | . . . Damage Inflicted 206 | . 179 27 Guns 179 | . 179 . Cannons . | . . . Explosions . | . . . Melee . | . . . Ramming 3 | . . 3 Kinetic 79 | . 79 . Thermal 124 | . 100 24 Explosive . | . . . Electromagnetic . | . . . Impact . | . . . Slashing . | . . . Piercing . | . . . Highest Corruption 1 | . 1 1 Average Corruption 1 | . 1 1 Corruption Purged . | . . . Corruption Blocked . | . . . Effects 4 | . . 4 Message Errors 2 | . . 2 Heat Flow Errors 1 | . . 1 Data Loss (minor) 1 | . . 1 Overload Shots . | . . . Overflow Damage . | . . . Projectiles . | . . . Explosions . | . . . Melee . | . . . Knockbacks . | . . . Impact . | . . . Kinetic . | . . . Secondary . | . . . Self-Inflicted Damage . | . . . Shots . | . . . Rammed . | . . . Targets Rammed 1 | . . 1 Kicked 1 | . . 1 Crushed . | . . . Highest Temperature 277 | . 138 277 Average Temperature 90 | . 61 151 Received Heat Transfer 246 | . 6 240 Effects 3 | . . 3 Interference 3 | . . 3 Siege Activations . | . . . Robots Corrupted . | . . . Combat Hostiles . | . . . Parts Fried . | . . . Impact Corruptions . | . . . Robots Melted . | . . . Combat Hostiles . | . . . Parts Melted . | . . . Heat Transferred 420 | . 370 50 Parts Sabotaged . | . . . Parts Stolen . | . . . Parts Stripped . | . . . Power Chain Reactions . | . . . Alert | -11 -10 -10 ------- Run | Yrd Mat Min Peak Influence 99 | . 86 99 Initial 28 | . . 28 Average 44 | . 31 53 Maximum Alert Level . | . . . Low Security (%) 100 | 100 100 100 Level 1 . | . . . Level 2 . | . . . Level 3 . | . . . Level 4 . | . . . Level 5 . | . . . High Security . | . . . Max Security . | . . . Squads Dispatched 1 | . 1 . Investigation 1 | . 1 . Extermination . | . . . Reinforcement . | . . . Assault . | . . . Garrison . | . . . Intercept . | . . . Searches Triggered . | . . . Construction Impeded . | . . . Haulers Reinforced . | . . . Active Scanning Responses . | . . . Cargo Convoy Interrupts . | . . . Stealth | -11 -10 -10 --------- Run | Yrd Mat Min Distress Signals . | . . . Communications Jammed . | . . . Distress Signals . | . . . Times Spotted 26 | . 5 21 Peak Tracking Total 20 | . 4 20 Tactical Retreats 1 | . . 1 Traps | -11 -10 -10 ------- Run | Yrd Mat Min Traps Triggered . | . . . Indirectly . | . . . Trap Hack Attempts . | . . . Triggered . | . . . Disarmed 3 | . 3 . Reprogrammed . | . . . Reused . | . . . Traps Extracted . | . . . Installed . | . . . Triggered . | . . . Machines | -11 -10 -10 ---------- Run | Yrd Mat Min Machines Disabled . | . . . Max in Single Turn . | . . . Machines Repaired . | . . . Machines Dismantled . | . . . Machines Sabotaged . | . . . Overloaded Fab Kills . | . . . Hacking | -11 -10 -10 --------- Run | Yrd Mat Min Machines Accessed 3 | . 3 . Terminals 3 | . 3 . Fabricators . | . . . Repair Stations . | . . . Recycling Units . | . . . Scanalyzers . | . . . Garrison Access . | . . . Total Hacks 9 | . 9 . Successful 3 | . 3 . Failed 6 | . 6 . Catastrophic . | . . . Database Lockouts . | . . . Manual . | . . . Terminals 9 | . 9 . Fabricators . | . . . Repair Stations . | . . . Recycling Units . | . . . Scanalyzers . | . . . Garrison Access . | . . . Terminal Hacks 3 | . 3 . Prototype ID Bank 1 | . 1 . Disarm Traps 1 | . 1 . Recall Investigation 1 | . 1 . Fabricator Hacks . | . . . Repair Station Hacks . | . . . Recycling Unit Hacks . | . . . Scanalyzer . | . . . Garrison Access Hacks . | . . . Unauthorized Hacks . | . . . Terminals . | . . . Fabricators . | . . . Repair Stations . | . . . Recycling Units . | . . . Scanalyzers . | . . . Garrison Access . | . . . Data Cores Recovered . | . . . Used . | . . . Hacking Detections 3 | . 3 . Full Trace Events 2 | . 2 . Feedback Events 1 | . 1 . Corruption 1 | . 1 . Feedback Blocked . | . . . Robot Schematics Acquired . | . . . Robots Built . | . . . Authchips . | . . . Time . | . . . Total Robot Build Rating . | . . . Part Schematics Acquired . | . . . Parts Built . | . . . Authchips . | . . . Time . | . . . Total Part Build Rating . | . . . Parts Repaired . | . . . Time . | . . . Parts Recycled . | . . . Recycled Matter . | . . . Retrieved Matter . | . . . Retrieved Components . | . . . Parts Scanalyzed . | . . . Part Schematics Acquired . | . . . Parts Damaged . | . . . Bothacking | -11 -10 -10 ------------ Run | Yrd Mat Min Used RIF Installer . | . . . Robots Hacked . | . . . Non-combat . | . . . Combat . | . . . Robot Hacks Applied . | . . . Relay Couplers Released . | . . . Fabnet Peak Effective % . | . . . Robots Rewired . | . . . Allies Hacked . | . . . Hacks Repelled . | . . . Allies | -11 -10 -10 -------- Run | Yrd Mat Min Total Allies 1 | . . 1 Largest Group 1 | . . 1 Highest-Rated Group 31 | . . 31 Highest-Rated Ally 31 | . . 31 Total Orders . | . . . Ally Attacks 3 | . . 3 Total Damage 41 | . . 41 Kills 2 | . . 2 Allies Corrupted . | . . . Allies Melted . | . . . Intel | -11 -10 -10 ------- Run | Yrd Mat Min Robot Analysis Total . | . . . Derelict Logs Recovered 1 | . . 1 Drone Launches . | . . . Drone Recoveries . | . . . Exploration | -11 -10 -10 ------------- Run | Yrd Mat Min Turns Passed 520 | 44 106 370 Spaces Moved 355 | 36 59 260 Core 14 | 13 . 1 Treads . | . . . Legs 341 | 23 59 259 Wheels . | . . . Hover . | . . . Flight . | . . . Fastest Speed 50 | 50 120 120 Average Speed 118 | 94 120 121 Slowest Speed 250 | 120 120 250 Overloaded Moves . | . . . Propulsion Burnouts . | . . . Robots Hopped . | . . . Cave-ins Triggered . | . . . Exploration Rate (%) 25 | 3 23 50 Regions Visited 2 Branch Regions 1 Pre-discovered Areas 1 | . . 1 Known Exits Taken . | . . . Unknown Exits Taken 2 | 1 1 . Scrap Searched 1 | . . 1 Spaces Dug . | . . . Terrain Destroyed . | . . . Melee . | . . . Projectile . | . . . AOE . | . . . Terrain Rammed . | . . . Walls Destroyed . | . . . Machines Disabled . | . . . Actions | -11 -10 -10 --------- Run | Yrd Mat Min Total 429 | 46 74 309 Wait 37 | . . 37 Move 353 | 35 58 260 Hop . | . . . Pick Up 12 | 6 3 3 Fast Attach . | . . . Attach 10 | 5 2 3 Detach . | . . . Swap 1 | . . 1 Drop . | . . . Fire 15 | . 11 4 Melee . | . . . Ram . | . . . Kick 1 | . . 1 Crush . | . . . Escape Stasis . | . . . Rewire . | . . . Trap . | . . . Miscellaneous . | . . . Route ------- -11/Scrapyard -10/Materials -10/Mines History --------- Turn | Location | Event 10 | -11/Scrapyard | Discovered new exit (range 14) 45 | -11/Scrapyard | Entered Materials 130 | -10/Materials | Discovered new exit (range 15) 151 | -10/Materials | Entered Mines 173 | -10/Mines | Met a Derelict bent on vengeance 183 | -10/Mines | Learned location of Zion (-7) 224 | -10/Mines | Received a Mining Laser from a helpful Derelict 308 | -10/Mines | Build established: Mutant 492 | -10/Mines | Assembled infested the area 515 | -10/Mines | Core integrity fell below 50% 519 | -10/Mines | Core integrity fell below 20% 521 | -10/Mines | Destroyed by as-73691 with Assembled F-torch Last Messages --------------- S-10 Pest destroyed. Acquired 35 matter. LMA/URJ5G>6A78XH0H%P0W3 Aluminum Leg destroyed. Overheating: System interference. Lgt. Assault Rifle temporarily disabled. Aluminum Leg destroyed. Map ----- +----------------------------------------------------+ | ?#### ##??????### ##????#??# ##?????????????? | | ## #?#???#??## ######?## ###?????????#?? | | # #?????????##] ### ##??????????? | | ##?#????????# ##??#??????? | | ##???????????## #### ##?????????? | | ##??#?#????????###??# ##????????? | | #???#????#??????????## #????????? | | ## ##?????????????????#?## ## #????????? | | ?#####?????????????????????## #### #????????? | | ??????????? ?????????? ?????####??### ##?????##?? | | ??#???????? ???#????????????????????# #????? #?? | | ?????????# ?????????????????#####???# #???? #?? | | #????????#???? ????????? ???## ##### #??? #??? | | ??????????????????????#?#???# ## ### #??? | | ????????????????????????????# # #???? | | ?????????????????????????????# #???? | | ?????????????????????????????# ##???? | | ?????????????????????????????# ##????? | | ????????????????????????????## ##?????? | | ???????????????????????????## ######??????? | | ?????????????????#???????###aa ##???????????? | | ?????????????????# ????## a ##????????????? | | ???????????####### #### aa## #?????????????? | | ?????????? a aa #### #????????????? | | ?????????? a ##??# #????????????? | | ?????????? a aa @##???# #??#??? ????? | | ?????????? a #???? #???#???????? | | ??????????a a ## ! #???# ##???????????? | | ???????????# ???##%= #???## ##????????????? | | ???????????????????# ????# #?????????????? | | ??????????????????# ????# ?#???????????? | | ?????????????????#*%= ???? ?????????????? | | ?????????????????#==%## ???? "?????????????? | | ?????????????????##!#?## ???? ?????????????? | | ??????????????????#=???# ???? ?????????????? | | ??????????????????#????# ?????????????????????? | | ???????????????????????# ?????????????????????? | | ???????????????????????## ?????????????????????? | | ?????????????????????????# ?????????????????????? | | ?????????????????????????? ?????????????????????? | | ??????????????????????????# ?????????????????????? | | ?????????????????????????????????????????????????? | | ?????????????????????????????????????????????????? | | ?????????????????????????????????????????????????? | | ?????????????????????????????????????????????????? | | ?????????????????????????????????????????????????? | | | | | | | | | +----------------------------------------------------+ Best States ------------- Heat Dissipation 25 Energy Generation 10 Energy Capacity 250 Matter Stores 319 Matter Capacity 350 Sight Range 16 Terrain Scan Range 14 Terrain Scan Density 10 Resistance: KI 20 Resistance: TH 20 Resistance: EX 20 Resistance: EM 20 Resistance: I 20 Resistance: S 20 Resistance: P 20 Evasion (%) 55 Offensive Hacking 10 Authchip Count 1 Item Schematics ----------------- None Robot Schematics ------------------ None Fabricated ------------ Nothing Alien Tech Used ----------------- None Achievements -------------- Hunted Challenges ------------ None Game ------ Seed MomentumBottomlessExtractor Manual? 0 Play Time 00:09:56 Cumulative 13.1 hours Start 2024.04.08 @ 23:18:45 End 2024.04.08 @ 23:26:54 Sessions 1 Manual Loads 0 Difficulty Adventurer Special Mode None Game No. 10 Rogue 0 Adventurer 10 Explorer 0 Win Type - Total 0 Types 0/0/0/0/0/0/0/0/0 Lore% 6 Gallery% 17 Achievement% 15 Wizard Run 0 Options --------- Layout 1 ASCII 0 Keyboard 0 Movement Mouse Keybinds 0 Fullscreen 0 Font 20/SmallcapsGlow Map View 50x35 Zoom Use 0% Tactical HUD 0 Map Filters NONE Filters NONE Steam 1 RUN: 4f5f069f-2e7e-4aa4-98fc-594767ca9212